AoeStats
← crypto_zhupel

Arabia

503818231Analyzed
1v1 RM · 29d ago on Sep 2, 2026· 41m 18s· 2 players
Game mode
Random Map
Map size
Tiny (2 player)
Population
200
Speed
Normal
Resources
Standard
Victory
Conquest
Starting age
Dark Age
Ending age
Imperial Age
RankedLock teamsTeams togetherTeam positionsShared explorationLock speedFull tech treeHidden civsTurbo modeCheats
Victory
Defeat
🇷🇺 Ethiopians · Russia
1316
+16
🇦🇷 Ethiopians · Argentina
1308
-16
Tocinito del Diablo
7:03 Loom
9:06 Feudal Age
10:04 Double-Bit Axe
17:20 Fletching
24:02 Castle Age
24:07 Crossbowman
24:53 Thumb Ring
25:17 Bodkin Arrow
30:20 Bow Saw
31:35 Squires
35:30 Imperial Age
35:36 Arbalester
36:36 Bracer
38:23 Chemistry
38:49 Ballistics
39:11 Padded Archer Armor
42:06 Leather Archer Armor
crypto_zhupel
7:39 Loom
10:39 Feudal Age
10:40 Man-at-Arms
11:34 Double-Bit Axe
14:46 Fletching
18:12 Wheelbarrow
21:16 Castle Age
19:47 Padded Archer Armor
21:37 Gold Mining
21:20 Crossbowman
21:57 Bodkin Arrow
22:19 Town Watch
24:32 Leather Archer Armor
26:24 Bow Saw
30:10 Ballistics
31:10 Hand Cart
35:48 Imperial Age
36:02 Thumb Ring
36:30 Bracer
35:53 Arbalester
37:13 Horse Collar
38:56 Chemistry
39:16 Ring Archer Armor
Connection lost

Rejoining the realm…

Still unreachable

The connection could not be restored.

Session expired

The server has moved on; the page needs a fresh start.